AoeStats
← 苏坊

Arena

510600345Analyzed
1v1 RM · 22h ago on Oct 1, 2026· 67m 58s· 2 players
Game mode
Random Map
Map size
Tiny (2 player)
Population
200
Speed
Normal
Resources
Standard
Victory
Conquest
Starting age
Dark Age
Ending age
Imperial Age
RankedLock teamsTeams togetherTeam positionsShared explorationLock speedFull tech treeHidden civsTurbo modeCheats
Victory
Defeat
🇨🇳 Khmer · China
819
+17
🇫🇷 Goths · France
843
-17
苏坊
10:37 Feudal Age
13:50 Castle Age
12:16 Double-Bit Axe
19:30 Wheelbarrow
18:41 Loom
18:43 Town Watch
19:24 Horse Collar
23:59 Town Patrol
25:02 Heavy Plow
27:01 Hand Cart
27:49 Bow Saw
27:37 Gold Mining
29:00 Gold Shaft Mining
29:04 Tusk Swords
32:22 Imperial Age
29:58 Stone Mining
34:05 Bloodlines
33:57 Husbandry
34:05 Scale Barding Armor
34:11 Forging
33:54 Fletching
34:26 Ballistics
35:07 Chemistry
34:13 Siege Engineers
33:39 Onager
35:17 Crop Rotation
34:47 Herbal Medicine
35:21 Fortified Wall
35:07 Murder Holes
35:22 Masonry
36:00 Double Crossbow
35:21 Elite Ballista Elephant
36:22 Conscription
36:09 Light Cavalry
37:12 Chain Barding Armor
37:28 Iron Casting
36:20 Heavy Scorpion
37:00 Hussar
39:33 Plate Barding Armor
38:54 Bodkin Arrow
40:10 Stone Shaft Mining
43:42 Blast Furnace
42:43 Bracer
51:09 Hoardings
61:12 Spies/Treason
TefNil
11:07 Feudal Age
12:13 Horse Collar
17:11 Castle Age
15:08 Man-at-Arms
17:35 Long Swordsman
20:56 Wheelbarrow
24:06 Scale Mail Armor
24:05 Elite Skirmisher
25:10 Stone Mining
25:10 Gold Mining
25:46 Heavy Plow
29:28 Hand Cart
32:58 Imperial Age
31:04 Padded Archer Armor
30:54 Fletching
31:19 Chain Mail Armor
32:21 Double-Bit Axe
33:59 Forging
33:45 Bodkin Arrow
34:07 Leather Archer Armor
37:43 Chemistry
37:51 Iron Casting
37:11 Bodkin Arrow
37:23 Heated Shot
37:04 Two-Handed Swordsman
40:35 Pikeman
41:10 Champion
42:08 Elite Huskarl
47:32 Blast Furnace
49:56 Onager
Connection lost

Rejoining the realm…

Still unreachable

The connection could not be restored.

Session expired

The server has moved on; the page needs a fresh start.